Rangers vs Penguins

Created - 4 octobre 2020 at 21:07

Simulating a Pre-Season

Goals
1 2 3 OT1 T
Rangers 1 1 0 1 3
Penguins 1 1 0 0 2
Shots
1 2 3 OT1 T
Rangers 9 22 6 1 38
Penguins 13 13 15 3 44

1st period

1. Penguins , Clayton Keller 1 (Brent Seabrook 1) at 15:53
2. Rangers , Vincent Trocheck 3 (Ryan McDonagh 2, Andrei Vasilevskiy) at 18:54 (PP)

Penalties :
Andrei Vasilevskiy (NYR) for Slashing (Minor) at 2:00 - Milan Lucic served the penalty., Pierre-Luc Dubois (PIT) for Unsportsmanlike conduct (Minor) at 4:56, Milan Lucic (NYR) for Hooking (Minor) at 9:39, Milan Lucic (NYR) for Hooking (Minor) at 11:41, Mark Giordano (PIT) for Hooking (Minor) at 17:20

2nd period

3. Penguins , Filip Hronek 1 (Cedric Paquette 1, Adrian Kempe 1) at 9:11
4. Rangers , Connor McDavid 1 (Ryan McDonagh 3, David Savard 2) at 19:27

Penalties :
Brent Seabrook (PIT) for Holding (Minor) at 2:26, David Savard (NYR) for Tripping (Minor) at 12:20, Shea Weber (PIT) for Interference (Minor) at 16:11

3rd period

No Goal

Penalties :
Noel Acciari (NYR) for Cross-checking (Minor) at 1:27, Dmitry Kulikov (NYR) for Unsportsmanlike conduct (Minor) at 4:56, Matt Niskanen (NYR) for Hooking (Minor) at 5:34, Matt Niskanen (NYR) for Tripping (Minor) at 9:15, Greg Pateryn (NYR) for Elbowing (Minor) at 16:00

Overtime #1

5. Rangers , Alexander Radulov 1 (Ryan McDonagh 4, Cam Atkinson 1) at 4:08

Penalties :
No Penalty

Goalie Stats

Andrei Vasilevskiy (NYR), 42 saves from 44 shots - (0,955), W, 2-0-0, 64:09 minutes
Connor Hellebuyck (PIT), 35 saves from 38 shots - (0,921), OTL, 1-0-1, 64:09 minutes

Players Stats for Rangers

Player Name              G  A  P  +/- PIM S  H  SB GA TA FO     MP     PP MP  PK MP  
------------------------------------------------------------------------------------
Alexander Radulov        1  0  1   0  0   2  0  0  0  0  0/0    11:24   0:00   0:00 
Andrew Ladd              0  0  0   0  0   2  1  0  0  0  1/2    15:16   3:02   0:00 
Braydon Coburn           0  0  0   0  0   0  0  0  0  0  0/0     4:58   0:00   1:15 
Cal Clutterbuck          0  0  0   0  0   0  0  0  0  0  0/0     2:23   0:00   0:00 
Cam Atkinson             0  1  1   1  0   5  3  0  0  0  2/2    22:33   4:29   5:00 
Connor McDavid           1  0  1   0  0   9  1  1  0  0  29/58  30:14   4:29  10:33 
David Savard             0  1  1   1  2   2  0  1  0  0  0/0    20:00   3:33   6:32 
Dmitry Kulikov           0  0  0  -1  2   0  5  0  0  0  0/0    10:26   0:00   2:15 
Erik Cernak              0  0  0  -1  0   0  2  0  0  0  0/0     8:12   0:00   0:00 
Greg Pateryn             0  0  0   0  2   0  0  0  0  0  0/0     3:42   0:00   0:00 
Matt Niskanen            0  0  0  -1  4   0  5  3  0  0  0/0    26:37   3:58   6:27 
Milan Lucic              0  0  0  -1  4   1  4  0  0  0  0/2    12:48   0:00   3:12 
Nick Bonino              0  0  0  -1  0   2  0  0  0  0  15/24  17:24   0:00   5:04 
Nick Leddy               0  0  0  -1  0   0  2  4  0  0  0/0    28:32   3:58   8:44 
Noel Acciari             0  0  0   0  2   6  1  0  0  0  1/2    16:05   3:02   0:00 
Ryan McDonagh            0  3  3   2  0   1  0  4  0  0  0/0    21:37   3:33   7:46 
Vincent Trocheck         1  0  1   0  0   4  1  1  0  0  14/26  25:44   3:02   7:30 
Zach Hyman               0  0  0   0  0   4  3  0  0  0  0/1    16:33   4:29   0:20 

Players Stats for Penguins

Player Name              G  A  P  +/- PIM S  H  SB GA TA FO     MP     PP MP  PK MP  
------------------------------------------------------------------------------------
Adrian Kempe             0  1  1   1  0   0  0  0  0  0  3/7     3:11   0:00   0:00 
Alex DeBrincat           0  0  0  -1  0   1  0  0  0  0  0/2    19:36   7:40   0:00 
Brent Seabrook           0  1  1   0  2   0  0  1  0  0  0/0     7:58   0:00   0:00 
Cedric Paquette          0  1  1   1  0   0  0  0  0  0  0/0     3:48   0:00   0:37 
Clayton Keller           1  0  1   1  0   7  0  0  0  0  0/1     9:22   0:00   0:00 
David Perron             0  0  0  -1  0   2  0  0  0  0  0/0    21:06   8:50   0:00 
Drew Doughty             0  0  0   0  0   3  2  6  0  0  0/0    30:18   8:10   4:46 
Filip Hronek             1  0  1   1  0   1  2  3  0  0  0/0    24:25   8:20   3:18 
Gabriel Landeskog        0  0  0  -1  0   2  0  1  0  0  2/4    26:27   8:50   5:21 
Jonathan Huberdeau       0  0  0  -1  0   5  0  0  0  0  0/2    23:33   7:40   2:10 
Marcus Pettersson        0  0  0   0  0   1  1  0  0  0  0/0     9:33   0:00   1:34 
Mark Giordano            0  0  0   0  2   5  1  0  0  0  0/0    23:48   8:20   2:12 
Max Domi                 0  0  0   1  0   3  2  0  0  0  5/12   10:58   0:00   0:00 
Nathan MacKinnon         0  0  0   0  0   5  0  0  0  0  29/52  27:28   8:50   5:21 
Oliver Bjorkstrand       0  0  0   1  0   3  0  0  0  0  0/0     9:22   0:00   0:00 
Oskar Lindblom           0  0  0   1  0   0  0  0  0  0  0/0     3:11   0:00   0:00 
Pierre-Luc Dubois        0  0  0  -1  2   3  1  0  0  0  16/37  22:44   7:40   1:33 
Shea Weber               0  0  0   0  2   3  3  0  0  0  0/0    28:04   8:10   3:12 

3 Stars

1 - Andrei Vasilevskiy (NYR)
2 - Ryan McDonagh (NYR)
3 - Filip Hronek (PIT)

Power Play

Rangers - 1 on 4 Attempt(s) - 25,00%
Penguins - 0 on 9 Attempt(s) - 0,00%

Penalty Kill

Rangers - 9 on 9 Attempt(s) - 100,00% - Score 0 goal in Penalty Kill
Penguins - 3 on 4 Attempt(s) - 75,00% - Score 0 goal in Penalty Kill

Team Stat

Rangers - Hits : 28 - Faceoff Wins : 62 - Blocked Shots : 14 - Penalty Minutes : 18
Penguins - Hits : 12 - Faceoff Wins : 55 - Blocked Shots : 11 - Penalty Minutes : 8

Official

Referees : Brandon Schrader and Andrew Howard
Linesman : Pierre Racicot and Travis Gawryletz

Game Notes

No Game Note

% Time on Ice - Rangers

Lines # - Real PCT - Wanted PCT - Time Play
Normal Forward
1 - 33% - 40% - 11:44
2 - 34% - 30% - 12:14
3 - 30% - 20% - 10:38
4 - 4% - 10% - 1:23
Normal Defense
1 - 39% - 40% - 14:08
2 - 28% - 30% - 9:56
3 - 23% - 20% - 8:12
4 - 10% - 10% - 3:43
PP Forward
1 - 60% - 60% - 4:29
2 - 40% - 40% - 3:02
PP Defense
1 - 53% - 60% - 3:58
2 - 47% - 40% - 3:33
PK Forward
1 - 67% - 60% - 10:09
2 - 33% - 40% - 5:00
PK Defense
1 - 53% - 60% - 8:03
2 - 47% - 40% - 7:06
PK3 Forward
1 - 78% - 60% - 1:03
2 - 22% - 40% - 0:18
PK3 Defense
1 - 51% - 60% - 0:41
2 - 49% - 40% - 0:40
44 Forward
1 - 0% - 60%
2 - 0% - 40%
44 Defense
1 - 0% - 60%
2 - 0% - 40%
Last Minute Offensive  - 0:00
Last Minute Defensive  - 0:00
Total
Forward - 60:00
Defense - 60:00

% Time on Ice - Penguins

Lines # - Real PCT - Wanted PCT - Time Play
Normal Forward
1 - 32% - 37% - 11:30
2 - 33% - 35% - 11:56
3 - 26% - 20% - 9:22
4 - 9% - 8% - 3:11
Normal Defense
1 - 42% - 40% - 15:13
2 - 36% - 35% - 12:47
3 - 22% - 25% - 7:59
4 - 0% - 0% - 0:00
PP Forward
1 - 54% - 60% - 8:50
2 - 46% - 40% - 7:40
PP Defense
1 - 49% - 60% - 8:10
2 - 51% - 40% - 8:20
PK Forward
1 - 71% - 60% - 5:21
2 - 29% - 40% - 2:10
PK Defense
1 - 56% - 60% - 4:13
2 - 44% - 40% - 3:18
PK3 Forward
1 - 0% - 60%
2 - 0% - 40%
PK3 Defense
1 - 0% - 60%
2 - 0% - 40%
44 Forward
1 - 0% - 60%
2 - 0% - 40%
44 Defense
1 - 0% - 60%
2 - 0% - 40%
Last Minute Offensive  - 0:00
Last Minute Defensive  - 0:00
Total
Forward - 60:00
Defense - 60:00

Play-by-Play

1st period


0:01 of 1st period - Connor McDavid wins face-off versus Nathan MacKinnon in neutral zone.
0:19 of 1st period - Nathan MacKinnon is hit by Matt Niskanen and loses puck.
0:22 of 1st period - Shot by Nathan MacKinnon.
0:22 of 1st period - Shot Blocked by Nick Leddy.
0:42 of 1st period - Gabriel Landeskog is hit by Zach Hyman and loses puck.
1:07 of 1st period - Shot by Jonathan Huberdeau.
1:07 of 1st period - Stopped by Andrei Vasilevskiy without a rebound.
1:08 of 1st period - Vincent Trocheck wins face-off versus Clayton Keller in Rangers zone.
1:08 of 1st period - Vincent Trocheck is hit by Max Domi.
1:11 of 1st period - Icing by David Savard.
1:12 of 1st period - Vincent Trocheck wins face-off versus Max Domi in Rangers zone.
1:39 of 1st period - Clayton Keller is hit by Noel Acciari.
1:44 of 1st period - Icing by Max Domi.
1:45 of 1st period - Max Domi wins face-off versus Nick Bonino in Penguins zone.
1:52 of 1st period - Shot by Marcus Pettersson.
1:52 of 1st period - Stopped by Andrei Vasilevskiy without a rebound.
1:53 of 1st period - Pierre-Luc Dubois wins face-off versus Nick Bonino in Rangers zone.
1:55 of 1st period - Jonathan Huberdeau is hit by Erik Cernak and loses puck.
1:58 of 1st period - Shot by Jonathan Huberdeau.
1:58 of 1st period - Shot Misses the Net.
2:00 of 1st period - Shot by Alex DeBrincat.
2:00 of 1st period - Stopped by Andrei Vasilevskiy without a rebound.
2:00 of 1st period - Minor Penalty to Andrei Vasilevskiy for Slashing.
2:01 of 1st period - Connor McDavid wins face-off versus Nathan MacKinnon in Rangers zone.
2:09 of 1st period - Off-side.
2:10 of 1st period - Connor McDavid wins face-off versus Nathan MacKinnon in neutral zone.
2:13 of 1st period - Gabriel Landeskog is hit by Vincent Trocheck and loses puck.
3:15 of 1st period - Shot by Mark Giordano.
3:15 of 1st period - Shot Blocked by Vincent Trocheck.
3:17 of 1st period - Shot by Filip Hronek.
3:17 of 1st period - Shot Misses the Net.
3:19 of 1st period - Shot by Pierre-Luc Dubois.
3:19 of 1st period - Shot Misses the Net.
3:33 of 1st period - Shot by Jonathan Huberdeau.
3:33 of 1st period - Shot Blocked by David Savard.
4:04 of 1st period - Icing by Brent Seabrook.
4:05 of 1st period - Nick Bonino wins face-off versus Adrian Kempe in Penguins zone.
4:10 of 1st period - Shot by Milan Lucic.
4:10 of 1st period - Stopped by Connor Hellebuyck with a rebound.
4:17 of 1st period - Cedric Paquette is hit by Dmitry Kulikov and loses puck.
4:26 of 1st period - Shot by Oskar Lindblom.
4:26 of 1st period - Shot Misses the Net.
4:53 of 1st period - Off-side.
4:54 of 1st period - Pierre-Luc Dubois wins face-off versus Connor McDavid in neutral zone.
4:54 of 1st period - Jonathan Huberdeau is hit by Cam Atkinson and loses puck.
4:56 of 1st period - Minor Penalty to Pierre-Luc Dubois for Unsportsmanlike conduct.
4:57 of 1st period - Connor McDavid wins face-off versus Nathan MacKinnon in Penguins zone.
5:10 of 1st period - Shot by Connor McDavid.
5:10 of 1st period - Shot Blocked by Drew Doughty.
5:12 of 1st period - Shot by Zach Hyman.
5:12 of 1st period - Stopped by Connor Hellebuyck without a rebound.
5:13 of 1st period - Vincent Trocheck wins face-off versus Nathan MacKinnon in Penguins zone.
5:16 of 1st period - Shot by Vincent Trocheck.
5:16 of 1st period - Shot Misses the Net.
5:18 of 1st period - Shot by Noel Acciari.
5:18 of 1st period - Deflect By Vincent Trocheck.
5:18 of 1st period - Shot Misses the Net.
5:27 of 1st period - Shot by David Savard.
5:27 of 1st period - Shot Misses the Net.
5:29 of 1st period - Shot by Noel Acciari.
5:29 of 1st period - Stopped by Connor Hellebuyck without a rebound.
5:30 of 1st period - Nathan MacKinnon wins face-off versus Connor McDavid in Penguins zone.
5:30 of 1st period - Drew Doughty is hit by Zach Hyman and loses puck.
5:46 of 1st period - Connor McDavid is hit by Drew Doughty and loses puck.
5:51 of 1st period - Shot by Connor McDavid.
5:51 of 1st period - Stopped by Connor Hellebuyck without a rebound.
5:52 of 1st period - Nathan MacKinnon wins face-off versus Vincent Trocheck in Penguins zone.
7:13 of 1st period - Shot by Max Domi.
7:13 of 1st period - Deflect By Clayton Keller.
7:13 of 1st period - Stopped by Andrei Vasilevskiy without a rebound.
7:14 of 1st period - Connor McDavid wins face-off versus Pierre-Luc Dubois in Rangers zone.
7:20 of 1st period - Off-side.
7:21 of 1st period - Pierre-Luc Dubois wins face-off versus Connor McDavid in neutral zone.
7:42 of 1st period - Shot by Connor McDavid.
7:42 of 1st period - Shot Blocked by Drew Doughty.
7:48 of 1st period - Shot by Cam Atkinson.
7:48 of 1st period - Shot Blocked by Drew Doughty.
7:50 of 1st period - Shot by Matt Niskanen.
7:50 of 1st period - Shot Misses the Net.
7:52 of 1st period - Shot by Cam Atkinson.
7:52 of 1st period - Shot Misses the Net.
8:01 of 1st period - Jonathan Huberdeau is hit by Zach Hyman.
8:02 of 1st period - Off-side.
8:03 of 1st period - Vincent Trocheck wins face-off versus Nathan MacKinnon in neutral zone.
8:12 of 1st period - Shot by Vincent Trocheck.
8:12 of 1st period - Stopped by Connor Hellebuyck without a rebound.
8:13 of 1st period - Nick Bonino wins face-off versus Nathan MacKinnon in Penguins zone.
8:16 of 1st period - Shot by Alexander Radulov.
8:16 of 1st period - Shot Blocked by Gabriel Landeskog.
8:18 of 1st period - Shot by Ryan McDonagh.
8:18 of 1st period - Deflect By Alexander Radulov.
8:18 of 1st period - Shot Blocked by Filip Hronek.
8:20 of 1st period - Shot by Milan Lucic.
8:20 of 1st period - Shot Misses the Net.
8:34 of 1st period - Shot by David Perron.
8:34 of 1st period - Stopped by Andrei Vasilevskiy without a rebound.
8:35 of 1st period - Vincent Trocheck wins face-off versus Max Domi in Rangers zone.
8:39 of 1st period - Shea Weber is hit by Matt Niskanen and loses puck.
8:54 of 1st period - Shot by Max Domi.
8:54 of 1st period - Stopped by Andrei Vasilevskiy with a rebound.
8:56 of 1st period - Shot by Shea Weber.
8:56 of 1st period - Shot Blocked by Matt Niskanen.
8:58 of 1st period - Shot by Oliver Bjorkstrand.
8:58 of 1st period - Stopped by Andrei Vasilevskiy with a rebound.
9:14 of 1st period - Shot by Clayton Keller.
9:14 of 1st period - Shot Blocked by Nick Leddy.
9:25 of 1st period - Icing by Drew Doughty.
9:26 of 1st period - Connor McDavid wins face-off versus Max Domi in Penguins zone.
9:37 of 1st period - Shot by Cam Atkinson.
9:37 of 1st period - Stopped by Connor Hellebuyck without a rebound.
9:38 of 1st period - Nathan MacKinnon wins face-off versus Nick Bonino in Penguins zone.
9:38 of 1st period - Nathan MacKinnon is hit by Milan Lucic.
9:39 of 1st period - Minor Penalty to Milan Lucic for Hooking.
9:40 of 1st period - Nathan MacKinnon wins face-off versus Connor McDavid in Rangers zone.
9:57 of 1st period - Shot by Mark Giordano.
9:57 of 1st period - Stopped by Andrei Vasilevskiy without a rebound.
9:58 of 1st period - Pierre-Luc Dubois wins face-off versus Connor McDavid in Rangers zone.
11:12 of 1st period - Shot by Mark Giordano.
11:12 of 1st period - Shot Hit the Post.
11:40 of 1st period - Shot by Milan Lucic.
11:40 of 1st period - Shot Blocked by Brent Seabrook.
11:41 of 1st period - Minor Penalty to Milan Lucic for Hooking.
11:42 of 1st period - Connor McDavid wins face-off versus Pierre-Luc Dubois in Rangers zone.
11:59 of 1st period - Shot by Drew Doughty.
11:59 of 1st period - Stopped by Andrei Vasilevskiy without a rebound.
12:00 of 1st period - Connor McDavid wins face-off versus Nathan MacKinnon in Rangers zone.
12:17 of 1st period - Shot by Nathan MacKinnon.
12:17 of 1st period - Deflect By Gabriel Landeskog.
12:17 of 1st period - Shot Misses the Net.
12:21 of 1st period - Shot by Gabriel Landeskog.
12:21 of 1st period - Shot Misses the Net.
12:23 of 1st period - Shot by Mark Giordano.
12:23 of 1st period - Stopped by Andrei Vasilevskiy without a rebound.
12:24 of 1st period - Nick Bonino wins face-off versus Pierre-Luc Dubois in Rangers zone.
12:30 of 1st period - Icing by Drew Doughty.
12:31 of 1st period - Pierre-Luc Dubois wins face-off versus Nick Bonino in Penguins zone.
12:38 of 1st period - Shot by Drew Doughty.
12:38 of 1st period - Shot Misses the Net.
12:40 of 1st period - Shot by Pierre-Luc Dubois.
12:40 of 1st period - Shot Blocked by Ryan McDonagh.
12:42 of 1st period - Shot by Pierre-Luc Dubois.
12:42 of 1st period - Stopped by Andrei Vasilevskiy without a rebound.
12:43 of 1st period - Nathan MacKinnon wins face-off versus Connor McDavid in Rangers zone.
12:46 of 1st period - Shot by Nathan MacKinnon.
12:46 of 1st period - Shot Hit the Post.
13:23 of 1st period - Icing by Nathan MacKinnon.
13:24 of 1st period - Nathan MacKinnon wins face-off versus Connor McDavid in Penguins zone.
13:53 of 1st period - Shot by Nick Bonino.
13:53 of 1st period - Shot Blocked by Drew Doughty.
13:55 of 1st period - Shot by Erik Cernak.
13:55 of 1st period - Shot Blocked by Drew Doughty.
14:10 of 1st period - Drew Doughty is hit by Erik Cernak.
14:43 of 1st period - Clayton Keller is hit by Milan Lucic and loses puck.
14:48 of 1st period - Shot by Clayton Keller.
14:48 of 1st period - Stopped by Andrei Vasilevskiy without a rebound.
14:49 of 1st period - Connor McDavid wins face-off versus Adrian Kempe in Rangers zone.
14:56 of 1st period - Shot by Zach Hyman.
14:56 of 1st period - Stopped by Connor Hellebuyck without a rebound.
14:57 of 1st period - Nathan MacKinnon wins face-off versus Connor McDavid in Penguins zone.
15:53 of 1st period - Shot by Clayton Keller.
15:53 of 1st period - Goal by Clayton Keller - Rangers : 0 - Penguins : 1.
15:54 of 1st period - Vincent Trocheck wins face-off versus Pierre-Luc Dubois in neutral zone.
16:29 of 1st period - Off-side.
16:30 of 1st period - Nick Bonino wins face-off versus Max Domi in neutral zone.
16:47 of 1st period - Shot by Oliver Bjorkstrand.
16:47 of 1st period - Shot Misses the Net.
16:49 of 1st period - Shot by Clayton Keller.
16:49 of 1st period - Shot Misses the Net.
17:20 of 1st period - Minor Penalty to Mark Giordano for Hooking.
17:21 of 1st period - Connor McDavid wins face-off versus Nathan MacKinnon in Penguins zone.
17:50 of 1st period - Icing by Nick Leddy.
17:51 of 1st period - Connor McDavid wins face-off versus Nathan MacKinnon in Rangers zone.
18:28 of 1st period - Shot by Andrew Ladd.
18:28 of 1st period - Shot Blocked by Drew Doughty.
18:54 of 1st period - Shot by Vincent Trocheck.
18:54 of 1st period - Goal by Vincent Trocheck - Rangers : 1 - Penguins : 1.
18:55 of 1st period - Nick Bonino wins face-off versus Max Domi in neutral zone.
19:06 of 1st period - Shot by Nick Bonino.
19:06 of 1st period - Stopped by Connor Hellebuyck without a rebound.
19:07 of 1st period - Nick Bonino wins face-off versus Pierre-Luc Dubois in Penguins zone.
Goals for this period are 1 for Rangers vs 1 for Penguins.
Shots for this period are 9 for Rangers vs 13 for Penguins.

2nd period


0:01 of 2nd period - Nathan MacKinnon wins face-off versus Zach Hyman in neutral zone.
0:03 of 2nd period - Off-side.
0:04 of 2nd period - Nathan MacKinnon wins face-off versus Connor McDavid in neutral zone.
0:25 of 2nd period - Shot by Nathan MacKinnon.
0:25 of 2nd period - Shot Misses the Net.
1:26 of 2nd period - Shot by Jonathan Huberdeau.
1:26 of 2nd period - Shot Misses the Net.
1:34 of 2nd period - Shot by Pierre-Luc Dubois.
1:34 of 2nd period - Deflect By Jonathan Huberdeau.
1:34 of 2nd period - Stopped by Andrei Vasilevskiy with a rebound.
1:49 of 2nd period - Off-side.
1:50 of 2nd period - Max Domi wins face-off versus Nick Bonino in neutral zone.
1:57 of 2nd period - Shot by Oliver Bjorkstrand.
1:57 of 2nd period - Shot Misses the Net.
2:03 of 2nd period - Milan Lucic is hit by Max Domi.
2:15 of 2nd period - Shot by Milan Lucic.
2:15 of 2nd period - Shot Misses the Net.
2:26 of 2nd period - Minor Penalty to Brent Seabrook for Holding.
2:27 of 2nd period - Connor McDavid wins face-off versus Nathan MacKinnon in Penguins zone.
2:28 of 2nd period - Shot by Cam Atkinson.
2:28 of 2nd period - Stopped by Connor Hellebuyck without a rebound.
2:29 of 2nd period - Connor McDavid wins face-off versus Nathan MacKinnon in Penguins zone.
2:30 of 2nd period - Shot by Cam Atkinson.
2:30 of 2nd period - Shot Misses the Net.
2:58 of 2nd period - Shot by Connor McDavid.
2:58 of 2nd period - Stopped by Connor Hellebuyck without a rebound.
2:59 of 2nd period - Vincent Trocheck wins face-off versus Nathan MacKinnon in Penguins zone.
3:00 of 2nd period - Shot by Ryan McDonagh.
3:00 of 2nd period - Shot Misses the Net.
3:02 of 2nd period - Shot by Noel Acciari.
3:02 of 2nd period - Stopped by Connor Hellebuyck without a rebound.
3:03 of 2nd period - Vincent Trocheck wins face-off versus Nathan MacKinnon in Penguins zone.
3:14 of 2nd period - Shot by Ryan McDonagh.
3:14 of 2nd period - Stopped by Connor Hellebuyck without a rebound.
3:15 of 2nd period - Connor McDavid wins face-off versus Nathan MacKinnon in Penguins zone.
3:24 of 2nd period - Shot by Cam Atkinson.
3:24 of 2nd period - Deflect By Connor McDavid.
3:24 of 2nd period - Shot Misses the Net.
3:26 of 2nd period - Shot by Matt Niskanen.
3:26 of 2nd period - Deflect By Cam Atkinson.
3:26 of 2nd period - Shot Misses the Net.
3:38 of 2nd period - Shot by Zach Hyman.
3:38 of 2nd period - Shot Blocked by Filip Hronek.
3:40 of 2nd period - Shot by Matt Niskanen.
3:40 of 2nd period - Shot Misses the Net.
3:42 of 2nd period - Shot by Connor McDavid.
3:42 of 2nd period - Stopped by Connor Hellebuyck without a rebound.
3:43 of 2nd period - Pierre-Luc Dubois wins face-off versus Vincent Trocheck in Penguins zone.
4:04 of 2nd period - Shot by David Savard.
4:04 of 2nd period - Stopped by Connor Hellebuyck without a rebound.
4:05 of 2nd period - Connor McDavid wins face-off versus Nathan MacKinnon in Penguins zone.
4:06 of 2nd period - Shot by Cam Atkinson.
4:06 of 2nd period - Shot Misses the Net.
4:10 of 2nd period - Shot by Cam Atkinson.
4:10 of 2nd period - Stopped by Connor Hellebuyck without a rebound.
4:11 of 2nd period - Connor McDavid wins face-off versus Nathan MacKinnon in Penguins zone.
4:32 of 2nd period - Shot by Noel Acciari.
4:32 of 2nd period - Stopped by Connor Hellebuyck without a rebound.
4:33 of 2nd period - Vincent Trocheck wins face-off versus Pierre-Luc Dubois in Penguins zone.
4:55 of 2nd period - Noel Acciari is hit by Mark Giordano and loses puck.
5:00 of 2nd period - Shot by Noel Acciari.
5:00 of 2nd period - Stopped by Connor Hellebuyck without a rebound.
5:01 of 2nd period - Nathan MacKinnon wins face-off versus Connor McDavid in Penguins zone.
5:01 of 2nd period - Nathan MacKinnon is hit by Cam Atkinson.
5:04 of 2nd period - Icing by Gabriel Landeskog.
5:05 of 2nd period - Connor McDavid wins face-off versus Nathan MacKinnon in Penguins zone.
5:56 of 2nd period - Icing by Connor McDavid.
5:57 of 2nd period - Pierre-Luc Dubois wins face-off versus Connor McDavid in Rangers zone.
5:58 of 2nd period - Shot by Jonathan Huberdeau.
5:58 of 2nd period - Stopped by Andrei Vasilevskiy without a rebound.
5:59 of 2nd period - Andrew Ladd wins face-off versus Alex DeBrincat in Rangers zone.
6:29 of 2nd period - Shot by Alex DeBrincat.
6:29 of 2nd period - Shot Misses the Net.
6:53 of 2nd period - Icing by Mark Giordano.
6:54 of 2nd period - Nick Bonino wins face-off versus Pierre-Luc Dubois in Penguins zone.
6:57 of 2nd period - Shot by Milan Lucic.
6:57 of 2nd period - Shot Misses the Net.
7:00 of 2nd period - Icing by Mark Giordano.
7:01 of 2nd period - Connor McDavid wins face-off versus Pierre-Luc Dubois in Penguins zone.
7:06 of 2nd period - Shot by Zach Hyman.
7:06 of 2nd period - Stopped by Connor Hellebuyck without a rebound.
7:07 of 2nd period - Nathan MacKinnon wins face-off versus Connor McDavid in Penguins zone.
7:15 of 2nd period - Drew Doughty is hit by Matt Niskanen and loses puck.
9:07 of 2nd period - Shot by Adrian Kempe.
9:07 of 2nd period - Shot Misses the Net.
9:09 of 2nd period - Shot by Cedric Paquette.
9:09 of 2nd period - Shot Misses the Net.
9:11 of 2nd period - Shot by Filip Hronek.
9:11 of 2nd period - Goal by Filip Hronek - Rangers : 1 - Penguins : 2.
9:12 of 2nd period - Nick Bonino wins face-off versus Pierre-Luc Dubois in neutral zone.
9:25 of 2nd period - Shot by Alexander Radulov.
9:25 of 2nd period - Stopped by Connor Hellebuyck without a rebound.
9:26 of 2nd period - Nathan MacKinnon wins face-off versus Connor McDavid in Penguins zone.
9:56 of 2nd period - Icing by Dmitry Kulikov.
9:57 of 2nd period - Connor McDavid wins face-off versus Pierre-Luc Dubois in Rangers zone.
10:09 of 2nd period - Shot by Connor McDavid.
10:09 of 2nd period - Stopped by Connor Hellebuyck without a rebound.
10:10 of 2nd period - Nick Bonino wins face-off versus Max Domi in Penguins zone.
10:32 of 2nd period - Shot by Max Domi.
10:32 of 2nd period - Stopped by Andrei Vasilevskiy without a rebound.
10:33 of 2nd period - Connor McDavid wins face-off versus Nathan MacKinnon in Rangers zone.
10:40 of 2nd period - Shot by Connor McDavid.
10:40 of 2nd period - Stopped by Connor Hellebuyck with a rebound.
10:44 of 2nd period - Shot by Connor McDavid.
10:44 of 2nd period - Stopped by Connor Hellebuyck without a rebound.
10:45 of 2nd period - Vincent Trocheck wins face-off versus Pierre-Luc Dubois in Penguins zone.
10:51 of 2nd period - Pierre-Luc Dubois is hit by Matt Niskanen.
11:38 of 2nd period - Icing by Nick Leddy.
11:39 of 2nd period - Nathan MacKinnon wins face-off versus Vincent Trocheck in Rangers zone.
11:47 of 2nd period - Shot by Nathan MacKinnon.
11:47 of 2nd period - Stopped by Andrei Vasilevskiy with a rebound.
11:49 of 2nd period - Shot by Gabriel Landeskog.
11:49 of 2nd period - Stopped by Andrei Vasilevskiy with a rebound.
12:20 of 2nd period - Minor Penalty to David Savard for Tripping.
12:21 of 2nd period - Pierre-Luc Dubois wins face-off versus Nick Bonino in Rangers zone.
12:21 of 2nd period - Pierre-Luc Dubois is hit by Dmitry Kulikov.
12:33 of 2nd period - Shot by Drew Doughty.
12:33 of 2nd period - Shot Blocked by Ryan McDonagh.
12:35 of 2nd period - Shot by Shea Weber.
12:35 of 2nd period - Stopped by Andrei Vasilevskiy without a rebound.
12:36 of 2nd period - Nathan MacKinnon wins face-off versus Connor McDavid in Rangers zone.
12:52 of 2nd period - Icing by Shea Weber.
12:53 of 2nd period - Nathan MacKinnon wins face-off versus Vincent Trocheck in Penguins zone.
12:57 of 2nd period - Shea Weber is hit by Dmitry Kulikov and loses puck.
13:45 of 2nd period - Shot by Mark Giordano.
13:45 of 2nd period - Stopped by Andrei Vasilevskiy without a rebound.
13:46 of 2nd period - Connor McDavid wins face-off versus Pierre-Luc Dubois in Rangers zone.
13:57 of 2nd period - Shot by Pierre-Luc Dubois.
13:57 of 2nd period - Stopped by Andrei Vasilevskiy without a rebound.
13:58 of 2nd period - Pierre-Luc Dubois wins face-off versus Connor McDavid in Rangers zone.
14:01 of 2nd period - Shot by Shea Weber.
14:01 of 2nd period - Deflect By Jonathan Huberdeau.
14:01 of 2nd period - Stopped by Andrei Vasilevskiy without a rebound.
14:02 of 2nd period - Nathan MacKinnon wins face-off versus Connor McDavid in Rangers zone.
14:03 of 2nd period - Shot by Shea Weber.
14:03 of 2nd period - Shot Blocked by Nick Leddy.
14:05 of 2nd period - Shot by Shea Weber.
14:05 of 2nd period - Shot Misses the Net.
14:07 of 2nd period - Shot by Drew Doughty.
14:07 of 2nd period - Stopped by Andrei Vasilevskiy without a rebound.
14:08 of 2nd period - Pierre-Luc Dubois wins face-off versus Connor McDavid in Rangers zone.
14:11 of 2nd period - Shot by Shea Weber.
14:11 of 2nd period - Shot Misses the Net.
14:23 of 2nd period - Shot by Alex DeBrincat.
14:23 of 2nd period - Deflect By Clayton Keller.
14:23 of 2nd period - Stopped by Andrei Vasilevskiy with a rebound.
14:29 of 2nd period - Shot by Clayton Keller.
14:29 of 2nd period - Stopped by Andrei Vasilevskiy without a rebound.
14:30 of 2nd period - Nathan MacKinnon wins face-off versus Vincent Trocheck in Rangers zone.
14:39 of 2nd period - Shot by Andrew Ladd.
14:39 of 2nd period - Stopped by Connor Hellebuyck without a rebound.
14:40 of 2nd period - Connor McDavid wins face-off versus Pierre-Luc Dubois in Penguins zone.
14:58 of 2nd period - Connor McDavid is hit by Shea Weber.
15:07 of 2nd period - Cam Atkinson is hit by Drew Doughty and loses puck.
15:12 of 2nd period - Shot by Connor McDavid.
15:12 of 2nd period - Deflect By Zach Hyman.
15:12 of 2nd period - Shot Misses the Net.
15:14 of 2nd period - Shot by Cam Atkinson.
15:14 of 2nd period - Stopped by Connor Hellebuyck without a rebound.
15:15 of 2nd period - Nathan MacKinnon wins face-off versus Vincent Trocheck in Penguins zone.
16:03 of 2nd period - Off-side.
16:04 of 2nd period - Connor McDavid wins face-off versus Pierre-Luc Dubois in neutral zone.
16:07 of 2nd period - Shot by Cam Atkinson.
16:07 of 2nd period - Stopped by Connor Hellebuyck with a rebound.
16:09 of 2nd period - Shot by Zach Hyman.
16:09 of 2nd period - Stopped by Connor Hellebuyck without a rebound.
16:10 of 2nd period - Connor McDavid wins face-off versus Pierre-Luc Dubois in Penguins zone.
16:10 of 2nd period - Connor McDavid is hit by Shea Weber.
16:11 of 2nd period - Minor Penalty to Shea Weber for Interference.
16:12 of 2nd period - Nathan MacKinnon wins face-off versus Connor McDavid in Penguins zone.
16:12 of 2nd period - Drew Doughty is hit by Connor McDavid and loses puck.
16:30 of 2nd period - Icing by Ryan McDonagh.
16:31 of 2nd period - Nathan MacKinnon wins face-off versus Connor McDavid in Rangers zone.
17:01 of 2nd period - Shot by Connor McDavid.
17:01 of 2nd period - Stopped by Connor Hellebuyck without a rebound.
17:02 of 2nd period - Vincent Trocheck wins face-off versus Pierre-Luc Dubois in Penguins zone.
19:01 of 2nd period - Icing by Shea Weber.
19:02 of 2nd period - Connor McDavid wins face-off versus Adrian Kempe in Penguins zone.
19:15 of 2nd period - Shot by Connor McDavid.
19:15 of 2nd period - Stopped by Connor Hellebuyck without a rebound.
19:16 of 2nd period - Cam Atkinson wins face-off versus Pierre-Luc Dubois in Penguins zone.
19:21 of 2nd period - Shot by Cam Atkinson.
19:21 of 2nd period - Shot Misses the Net.
19:23 of 2nd period - Shot by David Savard.
19:23 of 2nd period - Shot Misses the Net.
19:27 of 2nd period - Shot by Connor McDavid.
19:27 of 2nd period - Goal by Connor McDavid - Rangers : 2 - Penguins : 2.
19:28 of 2nd period - Noel Acciari wins face-off versus Nathan MacKinnon in neutral zone.
19:46 of 2nd period - Shot by Vincent Trocheck.
19:46 of 2nd period - Shot Misses the Net.
19:54 of 2nd period - Shot by Vincent Trocheck.
19:54 of 2nd period - Stopped by Connor Hellebuyck without a rebound.
19:55 of 2nd period - Pierre-Luc Dubois wins face-off versus Connor McDavid in Penguins zone.
Goals for this period are 1 for Rangers vs 1 for Penguins.
Shots for this period are 22 for Rangers vs 13 for Penguins.

3rd period


0:01 of 3rd period - Nathan MacKinnon wins face-off versus Connor McDavid in neutral zone.
0:10 of 3rd period - Shot by Gabriel Landeskog.
0:10 of 3rd period - Stopped by Andrei Vasilevskiy with a rebound.
1:05 of 3rd period - Shot by Noel Acciari.
1:05 of 3rd period - Deflect By Andrew Ladd.
1:05 of 3rd period - Stopped by Connor Hellebuyck with a rebound.
1:11 of 3rd period - Shot by Vincent Trocheck.
1:11 of 3rd period - Shot Misses the Net.
1:18 of 3rd period - Jonathan Huberdeau is hit by Nick Leddy.
1:22 of 3rd period - Shot by Jonathan Huberdeau.
1:22 of 3rd period - Shot Blocked by Matt Niskanen.
1:27 of 3rd period - Minor Penalty to Noel Acciari for Cross-checking.
1:28 of 3rd period - Connor McDavid wins face-off versus Pierre-Luc Dubois in Rangers zone.
1:49 of 3rd period - Shot by Mark Giordano.
1:49 of 3rd period - Stopped by Andrei Vasilevskiy with a rebound.
2:08 of 3rd period - Icing by Shea Weber.
2:09 of 3rd period - Connor McDavid wins face-off versus Gabriel Landeskog in Penguins zone.
2:23 of 3rd period - Nathan MacKinnon is hit by Matt Niskanen and loses puck.
3:38 of 3rd period - Shot by Andrew Ladd.
3:38 of 3rd period - Shot Misses the Net.
3:40 of 3rd period - Shot by Vincent Trocheck.
3:40 of 3rd period - Stopped by Connor Hellebuyck without a rebound.
3:41 of 3rd period - Vincent Trocheck wins face-off versus Adrian Kempe in Penguins zone.
3:52 of 3rd period - Shot by Vincent Trocheck.
3:52 of 3rd period - Shot Misses the Net.
3:54 of 3rd period - Shot by Noel Acciari.
3:54 of 3rd period - Shot Hit the Post.
3:56 of 3rd period - Shot by David Savard.
3:56 of 3rd period - Stopped by Connor Hellebuyck without a rebound.
3:57 of 3rd period - Nick Bonino wins face-off versus Max Domi in Penguins zone.
4:23 of 3rd period - Max Domi is hit by Dmitry Kulikov and loses puck.
4:29 of 3rd period - Clayton Keller is hit by Dmitry Kulikov and loses puck.
4:56 of 3rd period - Minor Penalty to Dmitry Kulikov for Unsportsmanlike conduct.
4:57 of 3rd period - Connor McDavid wins face-off versus Nathan MacKinnon in Rangers zone.
5:34 of 3rd period - Minor Penalty to Matt Niskanen for Hooking.
5:35 of 3rd period - Pierre-Luc Dubois wins face-off versus Connor McDavid in Rangers zone.
5:55 of 3rd period - Shot by Pierre-Luc Dubois.
5:55 of 3rd period - Stopped by Andrei Vasilevskiy without a rebound.
5:56 of 3rd period - Nathan MacKinnon wins face-off versus Milan Lucic in Rangers zone.
6:11 of 3rd period - Shot by Nathan MacKinnon.
6:11 of 3rd period - Stopped by Andrei Vasilevskiy without a rebound.
6:12 of 3rd period - Pierre-Luc Dubois wins face-off versus Connor McDavid in Rangers zone.
6:56 of 3rd period - Off-side.
6:57 of 3rd period - Nathan MacKinnon wins face-off versus Connor McDavid in neutral zone.
7:06 of 3rd period - Shot by Nathan MacKinnon.
7:06 of 3rd period - Stopped by Andrei Vasilevskiy with a rebound.
7:30 of 3rd period - Shot by Mark Giordano.
7:30 of 3rd period - Stopped by Andrei Vasilevskiy without a rebound.
7:31 of 3rd period - Nick Bonino wins face-off versus Pierre-Luc Dubois in Rangers zone.
7:31 of 3rd period - Nick Bonino is hit by Pierre-Luc Dubois.
7:49 of 3rd period - Shot by Max Domi.
7:49 of 3rd period - Stopped by Andrei Vasilevskiy without a rebound.
7:50 of 3rd period - Vincent Trocheck wins face-off versus Alex DeBrincat in Rangers zone.
8:21 of 3rd period - Icing by Noel Acciari.
8:22 of 3rd period - Gabriel Landeskog wins face-off versus Vincent Trocheck in Rangers zone.
8:31 of 3rd period - Shot by Nathan MacKinnon.
8:31 of 3rd period - Deflect By Gabriel Landeskog.
8:31 of 3rd period - Shot Misses the Net.
8:34 of 3rd period - Icing by Noel Acciari.
8:35 of 3rd period - Max Domi wins face-off versus Andrew Ladd in Rangers zone.
8:46 of 3rd period - Shot by Oliver Bjorkstrand.
8:46 of 3rd period - Stopped by Andrei Vasilevskiy without a rebound.
8:47 of 3rd period - Connor McDavid wins face-off versus Nathan MacKinnon in Rangers zone.
9:03 of 3rd period - Mark Giordano is hit by Nick Leddy and loses puck.
9:10 of 3rd period - Shot by Nathan MacKinnon.
9:10 of 3rd period - Shot Misses the Net.
9:15 of 3rd period - Minor Penalty to Matt Niskanen for Tripping.
9:16 of 3rd period - Pierre-Luc Dubois wins face-off versus Connor McDavid in Rangers zone.
9:22 of 3rd period - Shot by Drew Doughty.
9:22 of 3rd period - Shot Blocked by Connor McDavid.
9:30 of 3rd period - Shot by Pierre-Luc Dubois.
9:30 of 3rd period - Shot Blocked by Ryan McDonagh.
9:44 of 3rd period - Shot by Shea Weber.
9:44 of 3rd period - Stopped by Andrei Vasilevskiy with a rebound.
9:46 of 3rd period - Shot by Shea Weber.
9:46 of 3rd period - Stopped by Andrei Vasilevskiy without a rebound.
9:47 of 3rd period - Nathan MacKinnon wins face-off versus Nick Bonino in Rangers zone.
10:45 of 3rd period - Icing by Drew Doughty.
10:46 of 3rd period - Nick Bonino wins face-off versus Pierre-Luc Dubois in Penguins zone.
10:47 of 3rd period - Shot by Cam Atkinson.
10:47 of 3rd period - Deflect By Nick Bonino.
10:47 of 3rd period - Stopped by Connor Hellebuyck without a rebound.
10:48 of 3rd period - Nick Bonino wins face-off versus Jonathan Huberdeau in Penguins zone.
10:48 of 3rd period - Nick Bonino is hit by Shea Weber.
11:08 of 3rd period - Shot by Drew Doughty.
11:08 of 3rd period - Shot Misses the Net.
11:10 of 3rd period - Shot by Drew Doughty.
11:10 of 3rd period - Stopped by Andrei Vasilevskiy without a rebound.
11:11 of 3rd period - Nick Bonino wins face-off versus Nathan MacKinnon in Rangers zone.
11:17 of 3rd period - Icing by Nathan MacKinnon.
11:18 of 3rd period - Max Domi wins face-off versus Vincent Trocheck in Penguins zone.
11:18 of 3rd period - Max Domi is hit by Andrew Ladd.
11:37 of 3rd period - Shot by Noel Acciari.
11:37 of 3rd period - Stopped by Connor Hellebuyck without a rebound.
11:38 of 3rd period - Nathan MacKinnon wins face-off versus Nick Bonino in Penguins zone.
11:38 of 3rd period - Filip Hronek is hit by Milan Lucic.
11:53 of 3rd period - Filip Hronek is hit by Milan Lucic and loses puck.
12:06 of 3rd period - Nick Leddy is hit by Filip Hronek and loses puck.
13:26 of 3rd period - Cam Atkinson is hit by Marcus Pettersson and loses puck.
13:40 of 3rd period - Shot by Clayton Keller.
13:40 of 3rd period - Stopped by Andrei Vasilevskiy with a rebound.
13:50 of 3rd period - Shot by Max Domi.
13:50 of 3rd period - Shot Blocked by Ryan McDonagh.
14:01 of 3rd period - Shot by Oliver Bjorkstrand.
14:01 of 3rd period - Stopped by Andrei Vasilevskiy without a rebound.
14:02 of 3rd period - Adrian Kempe wins face-off versus Vincent Trocheck in Rangers zone.
14:06 of 3rd period - Icing by Nick Leddy.
14:07 of 3rd period - Nathan MacKinnon wins face-off versus Vincent Trocheck in Rangers zone.
14:20 of 3rd period - Shot by Noel Acciari.
14:20 of 3rd period - Shot Blocked by Filip Hronek.
14:22 of 3rd period - Shot by Noel Acciari.
14:22 of 3rd period - Stopped by Connor Hellebuyck with a rebound.
14:33 of 3rd period - Vincent Trocheck is hit by Filip Hronek and loses puck.
15:57 of 3rd period - Icing by Braydon Coburn.
15:58 of 3rd period - Adrian Kempe wins face-off versus Connor McDavid in Rangers zone.
16:00 of 3rd period - Minor Penalty to Greg Pateryn for Elbowing.
16:01 of 3rd period - Nathan MacKinnon wins face-off versus Connor McDavid in Rangers zone.
17:07 of 3rd period - Icing by Shea Weber.
17:08 of 3rd period - Nick Bonino wins face-off versus Pierre-Luc Dubois in Penguins zone.
17:42 of 3rd period - Mark Giordano is hit by Cam Atkinson and loses puck.
18:23 of 3rd period - Shot by Clayton Keller.
18:23 of 3rd period - Stopped by Andrei Vasilevskiy without a rebound.
18:24 of 3rd period - Adrian Kempe wins face-off versus Connor McDavid in Rangers zone.
18:45 of 3rd period - Shot by Connor McDavid.
18:45 of 3rd period - Shot Misses the Net.
19:10 of 3rd period - Icing by Zach Hyman.
19:11 of 3rd period - Pierre-Luc Dubois wins face-off versus Connor McDavid in Rangers zone.
19:16 of 3rd period - Shot by Jonathan Huberdeau.
19:16 of 3rd period - Stopped by Andrei Vasilevskiy without a rebound.
19:17 of 3rd period - Vincent Trocheck wins face-off versus Jonathan Huberdeau in Rangers zone.
19:48 of 3rd period - Icing by Mark Giordano.
19:49 of 3rd period - Pierre-Luc Dubois wins face-off versus Milan Lucic in Penguins zone.
Goals for this period are 0 for Rangers vs 0 for Penguins.
Shots for this period are 6 for Rangers vs 15 for Penguins.

Overtime #1


0:01 of 1st overtime period - Nathan MacKinnon wins face-off versus Vincent Trocheck in neutral zone.
0:24 of 1st overtime period - Shot by Jonathan Huberdeau.
0:24 of 1st overtime period - Shot Blocked by Matt Niskanen.
0:34 of 1st overtime period - Shot by Nathan MacKinnon.
0:34 of 1st overtime period - Stopped by Andrei Vasilevskiy without a rebound.
0:35 of 1st overtime period - Max Domi wins face-off versus Nick Bonino in Rangers zone.
1:56 of 1st overtime period - Shot by Nathan MacKinnon.
1:56 of 1st overtime period - Stopped by Andrei Vasilevskiy without a rebound.
1:57 of 1st overtime period - Gabriel Landeskog wins face-off versus Vincent Trocheck in Rangers zone.
2:12 of 1st overtime period - Shot by Gabriel Landeskog.
2:12 of 1st overtime period - Deflect By David Perron.
2:12 of 1st overtime period - Stopped by Andrei Vasilevskiy without a rebound.
2:13 of 1st overtime period - Nathan MacKinnon wins face-off versus Noel Acciari in Rangers zone.
3:12 of 1st overtime period - Shot by Max Domi.
3:12 of 1st overtime period - Shot Blocked by Nick Leddy.
3:49 of 1st overtime period - Icing by David Perron.
3:50 of 1st overtime period - Cam Atkinson wins face-off versus Gabriel Landeskog in Penguins zone.
4:00 of 1st overtime period - Shot by Alexander Radulov.
4:00 of 1st overtime period - Shot Misses the Net.
4:08 of 1st overtime period - Shot by Alexander Radulov.
4:08 of 1st overtime period - Goal by Alexander Radulov - Rangers : 3 - Penguins : 2.
Goals for this period are 1 for Rangers vs 0 for Penguins.
Shots for this period are 1 for Rangers vs 3 for Penguins.